 Dungeon Crawl Stone Soup version 0.15.2 (webtiles) character file.

65 Huymann the Magician (level 3, -2/21 HPs)
             Began as a High Elf Wizard on Feb 20, 2015.
             Slain by a hobgoblin
             ... wielding a +0 club
              (5 damage)
             ... on Level 3 of the Dungeon.
             The game lasted 00:16:45 (2466 turns).

Huymann the Magician (High Elf Wizard)              Turns: 2466, Time: 00:16:45

HP  -2/21        AC  6     Str  7      XL: 3   Next: 92%
MP   2/11        EV 12     Int 27      God:
Gold 55          SH  0     Dex 12      Spells:  4 memorised,  3 levels left

rFire  . . .     SeeInvis .     l - +0 short sword
rCold  . . .     Clarity  .     a - +0 robe
rNeg   . . .     rCorr    .     (no shield)
rPois  .         rRot     .     b - +0 hat
rElec  .         Spirit   .     (no cloak)
SustAb .         Warding  .     (no gloves)
rMut   .         Stasis   .     (no boots)
Gourm  .                        (no amulet)
MR     .....                    (no ring)
                                (no ring)

@: brilliant, lethally poisoned, not resistant to hostile enchantments,
unstealthy
A: rough black scales 1, wild magic 1
a: no special abilities


You were on level 3 of the Dungeon.
You were not hungry.

You visited 1 branch of the dungeon, and saw 3 of its levels.

You collected 55 gold pieces.

Inventory:

Hand weapons
 f - a +3 whip of electrocution
 l - a +0 short sword (weapon)
Armour
 a - a +0 robe (worn)
 b - a +0 hat (worn)
Comestibles
 d - 2 bread rations
 j - a beef jerky
 s - a chunk of quokka flesh
Scrolls
 q - a scroll of identify {unknown}
 r - a scroll of blinking {unknown}
Jewellery
 e - an uncursed ring of sustain abilities {unknown}
 g - an uncursed ring of protection from magic {unknown}
 i - an uncursed ring of invisibility {unknown}
Potions
 o - a potion of cure mutation
Books
 c - a book of Minor Magic

   Spells                             Type                      Level
   *Magic Dart                        Conjuration                  1
   *Blink                             Translocation                2
   *Call Imp                          Summoning                    2
   Repel Missiles                     Charms/Air                   2
   Slow                               Hexes                        2
   Conjure Flame                      Conjuration/Fire             3
   *Mephitic Cloud                    Conjuration/Poison/Air       3


   Skills:
 + Level 0.2 Fighting
 + Level 2.5 Dodging
 * Level 2.5 Stealth
 + Level 4.6 Spellcasting
 * Level 2.4 Conjurations
 + Level 0.8 Summonings
 + Level 1.1 Translocations
 + Level 0.2 Air Magic


You had 3 spell levels left.
You knew the following spells:

 Your Spells              Type           Power        Failure   Level  Hunger
a - Magic Dart            Conj           ####         1%          1    None
b - Blink                 Tloc           N/A          2%          2    None
c - Call Imp              Summ           #####...     2%          2    None
d - Mephitic Cloud        Conj/Pois/Air  #####...     3%          3    ##.....


Dungeon Overview and Level Annotations

Branches:
Dungeon (3/15)

Altars:
Ashenzari
Dithmenos
Fedhas

Annotations:
D:2 Crazy Yiuf


Innate Abilities, Weirdness & Mutations

You are partially covered in rough black scales (AC +4, Dex -1).
Your spells are a little harder to cast, but a little more powerful.


Message History

You feel sick. The bat completely misses you.
The rat bites you but does no damage. The hobgoblin closely misses you.
The bat closely misses you. The rat bites you but does no damage.
You see here an emulsified orange potion.
h - an emulsified orange potion The bat hits you but does no damage.
The bat closely misses you. The scorpion stings you.
* * * LOW HITPOINT WARNING * * *
The rat barely misses you.
Drink which item? (? for menu, Esc to quit)
You feel clever all of a sudden.
It was a potion of brilliance.
The bat hits you but does no damage.
The hobgoblin hits you but does no damage.
The bat hits you but does no damage. The scorpion barely misses you.
The rat bites you but does no damage.
Your magical contamination has completely faded away.
* * * LOW HITPOINT WARNING * * *
You feel sick. The bat hits you but does no damage. The hobgoblin misses you.
The bat barely misses you. The hobgoblin hits you with a club.
You die...

### ##8## #....... ...
###########.....####.###
..%......%..............
##%...................#
######...((.......[..##
#...(.(..........#
#........r.......#
#........sgg......#
#........b@.....#.
########........# ##
#....##### .# ###### .#
.# ## #


You could see a scorpion, a hobgoblin, a goblin, a bat and a rat.

Vanquished Creatures
  5 giant geckos (D:1)
  3 orcs (D:3)
  A giant cockroach (D:1)
  5 goblins
  7 hobgoblins
  2 jackals (D:3)
  5 kobolds
  A quokka (D:3)
  7 bats
  A giant newt (D:3)
  5 rats
42 creatures vanquished.

Vanquished Creatures (collateral kills)
  An adder (D:2)
  A worm (D:3)
  A giant gecko (D:3)
  An orc (D:3)
  2 jackals (D:3)
  A rat (D:2)
7 creatures vanquished.

Vanquished Creatures (others)
  An iron imp (D:3)
  A shadow imp (D:3)
2 creatures vanquished.

Grand Total: 51 creatures vanquished

Notes
Turn   | Place    | Note
--------------------------------------------------------------
     0 | D:1      | Huymann, the High Elf Wizard, began the quest for the Orb.
     0 | D:1      | Reached XP level 1. HP: 11/11 MP: 5/5
   333 | D:1      | Reached XP level 2. HP: 17/17 MP: 5/7
   463 | D:1      | Reached skill level 4 in Spellcasting
  1070 | D:2      | Reached XP level 3. HP: 21/21 MP: 8/11
  1097 | D:2      | Found a shadowy altar of Dithmenos.
  1218 | D:2      | Noticed Crazy Yiuf
  1235 | D:1      | Learned a level 2 spell: Blink
  1238 | D:1      | Learned a level 2 spell: Call Imp
  1242 | D:1      | Learned a level 3 spell: Mephitic Cloud
  2422 | D:3      | Found a blossoming altar of Fedhas.
  2424 | D:3      | Found a shattered altar of Ashenzari.
  2429 | D:3      | Noticed a scorpion
  2458 | D:3      | Gained mutation: Your spells are a little harder to cast, but a little more powerful. [potion of mutation]
  2458 | D:3      | Gained mutation: You are partially covered in rough black scales (AC +4, Dex -1). [potion of mutation]
  2466 | D:3      | Slain by a hobgoblin

Action                   || total
-------------------------++-------
Melee: Unarmed           ||     1
       Short sword       ||    45
 Cast: Magic Dart        ||    76
       Call Imp          ||     6
       Mephitic Cloud    ||     5
       Blink             ||     4
  Use: Scroll            ||     5
       Potion            ||     6
 Stab: Sleeping          ||     1
  Eat: Chunk             ||     5
